 Dungeon Sprint DCSS version 0.30-a0-1160-g6e42c06551 (webtiles) character file.

Game seed: 15959928419681348267

21 fozzywoppz the Trooper (level 2, -1/32 HPs)
             Began as an Ogre Gladiator on Apr 27, 2023.
             Was an Initiate of Okawaru.
             Killed by divine providence
             ... invoked by an orc priest
              (15 damage)
             ... in the Dungeon (Sprint VII: "The Pits").
             The game lasted 00:01:02 (181 turns).

fozzywoppz the Trooper (Ogre Gladiator)              Turns: 181, Time: 00:01:02

Health: -1/32      AC:  3    Str: 17    XL:     2   Next: 87%
Magic:  3/3        EV: 10    Int:  9    God:    Okawaru [......]
Gold:   0          SH:  0    Dex: 10    Spells: 1/1 levels left

rFire   . . .        a - +0 war axe
rCold   . . .        (no shield)
rNeg    . . .        b - +0 robe
rPois   .            c - +0 hat
rElec   .            (no cloak)
rCorr   .            (gloves unavailable)
SInv    .            (boots unavailable)
Will    .....        (no amulet)
Stlth   +            (no ring)
HPRegen 0.25/turn    (no ring)
MPRegen 0.08/turn

%: no teleportation
@: no status effects
A: large, unfitting armour, tough skin 1
a: Renounce Religion


You were in the Dungeon.
You worshipped Okawaru.
Okawaru was noncommittal.
You visited 1 branch

Inventory:

Hand Weapons
 a - a +0 war axe (weapon)
Missiles
 d - 3 throwing nets (quivered)
 e - a large rock
Armour
 b - a +0 robe (worn)
 c - a +0 hat (worn)
Scrolls
 k - a scroll of blinking
 m - 5 scrolls of amnesia
 n - a scroll of summoning
Potions
 f - a potion of curing
 g - a potion of heal wounds
 h - a potion of haste
 i - 4 potions of magic
 j - 3 potions of berserk rage
 l - 2 potions of invisibility


   Skills:
 + Level 4.1 Fighting
 + Level 3.8 Axes
 + Level 3.1 Throwing
 + Level 3.4 Dodging
 + Level 2.2 Invocations


You had one spell level left.
You didn't know any spells.
Your spell library was empty.

Dungeon Overview and Level Annotations

Branches:
Dungeon (1/1)

Altars:
Ashenzari
Cheibriados
Dithmenos
Elyvilon
Fedhas
Gozag
Hepliaklqana
Kikubaaqudgha
Makhleb
Nemelex Xobeh
Okawaru
Qazlal
Ru
Sif Muna
Trog
Uskayaw
Vehumet
Wu Jian
Xom
Yredelemnul
Zin
The Shining One
Jiyva
Lugonu


Innate Abilities, Weirdness & Mutations

You are too large for most types of armour.
You have tough skin. (AC +1)


Message History

The jackal barely misses you.
The jackal bites you but does no damage. x2
You slash the jackal!
You kill the jackal!
Okawaru accepts your kill.
You hit the jackal.
You kill the jackal!
Okawaru accepts your kill.
Your Fighting skill increases to level 4!
Things that are here:
a jackal corpse; a jackal corpse; a jackal corpse You start resting.
HP restored.
You open the large door.
An ufetubus, an orc priest and an orc come into view.
The ufetubus shouts!
The orc priest shouts!
The orc priest calls down the wrath of Beogh upon you.
Beogh smites you!
A river rat comes into view.
You hit the orc.
The orc is almost dead.
The orc hits you with a +0 hand axe.
An orc priest comes into view. It is wielding a +0 dagger.
A rat comes into view.
The ufetubus closely misses you. x2; The rat moves out of view.
Unknown command.
You closely miss the orc.
The orc is almost dead.
The orc priest shouts!
You slash the ufetubus!
You kill the ufetubus!
Okawaru accepts your kill. The orc hits you with a +0 hand axe.
Your Throwing skill increases to level 3!
Your Invocations skill increases to level 2!
You barely miss the river rat. You barely miss the orc priest.
You barely miss the orc. The orc closely misses you.
The orc priest invokes the aid of Beogh against you.
Beogh smites you!
You die...

#.?(.')))'.##......#..#
##########.##..........
#.........†.'..........
+#####'#####......#..#
#. #...'.##..........
#..#...#.#####'#####+
#..#####.##.......#
#..ro.†#.##.......#
#..o@.†'.##.......#
#.o########...<...# #r
#.......# # #.......#
#.......# #########


You could see 2 orc priests, a river rat, an orc and a rat (wandering).

Vanquished Creatures
  An ufetubus (D)
  An endoplasm (D)
  10 jackals (D)
  A frilled lizard (D)
13 creatures vanquished.

Notes
Turn   | Place    | Note
-------+----------+-------------------------------------------
     0 | D        | fozzywoppz the Ogre Gladiator began the quest for the Orb.
     0 | D        | Reached XP level 1. HP: 22/22 MP: 1/1
    41 | D        | Found a bloodstained altar of Trog.
    41 | D        | Found a shimmering blue altar of Sif Muna.
    41 | D        | Found a viscous altar of Jiyva.
    41 | D        | Found a hazy altar of Hepliaklqana.
    41 | D        | Found an opulent altar of Gozag.
    42 | D        | Found a glowing golden altar of the Shining One.
    42 | D        | Found a glowing silver altar of Zin.
    42 | D        | Found a basalt altar of Yredelemnul.
    42 | D        | Found a shimmering altar of Xom.
    42 | D        | Found an ornate altar of the Wu Jian Council.
    42 | D        | Found a sacrificial altar of Ru.
    42 | D        | Found a stormy altar of Qazlal.
    42 | D        | Found an iron altar of Okawaru.
    42 | D        | Found a sparkling altar of Nemelex Xobeh.
    42 | D        | Found a burning altar of Makhleb.
    42 | D        | Found a blossoming altar of Fedhas.
    42 | D        | Found a white marble altar of Elyvilon.
    42 | D        | Found a shadowy altar of Dithmenos.
    42 | D        | Found a snail-covered altar of Cheibriados.
    43 | D        | Found a radiant altar of Vehumet.
    43 | D        | Found a corrupted altar of Lugonu.
    44 | D        | Found a hide-covered altar of Uskayaw.
    44 | D        | Found an ancient bone altar of Kikubaaqudgha.
    44 | D        | Found a broken altar of Ashenzari.
    48 | D        | Became a worshipper of Warmaster Okawaru
    60 | D        | Reached skill level 3 in Fighting
    66 | D        | Reached skill level 1 in Invocations
    69 | D        | Reached XP level 2. HP: 29/31 MP: 2/2
    96 | D        | Reached skill level 4 in Fighting
   181 | D        | Killed from afar by an orc priest

Illustrated notes

Levels and vault maps discovered:
D:        pitsprint [storerooms_1, entrance_room_1, metal_vault_4, armoury_2,
          mini_pit_1, grid_room_1, main_hall_1, silver_pit, the_coven_1,
          the_vestibule_1, steel_vault_1, golden_pit, hallway_of_sentries,
          crystal_vault_4, iron_vault_5, final_vault]

Skill      XL: |  1  2 |
---------------+-------+-----
Fighting       | 3 4 |  4.1
Dodging        | 3 |  3.4
Invocations    | 1 2 |  2.2
Throwing       | 3 |  3.1
Axes           | |  3.8

Action                     || total
---------------------------++-------
  Melee: War axe           ||    31
   Stab: Sleeping          ||     1
 Armour: Robe              ||    27
  Dodge: Dodged            ||    42

Table legend: (Time is in decaauts)
 A = Elapsed time spent in this place.
 B = Non-inter-level travel time spent in this place.
 C = Inter-level travel time spent in this place.
 D = Time resting spent in this place.
 E = Time spent auto-exploring this place.
 F = Levels seen in this place.
 G = Mean time per level.
                   A        B        C        D        E       F      G
               +--------+--------+--------+--------+--------+-----+--------+
         Total |    191 |    191 |      0 |     79 |      0 |   1 |  191.0 |
       Dungeon |    191 |    191 |      0 |     79 |      0 |   1 |  191.0 |
               +--------+--------+--------+--------+--------+-----+--------+

Top non-repeatable levels by time:
       D: 191 daAuts
